 Dungeon Crawl Stone Soup version 0.19.4-9-g45fd643 (console) character file.

1824 Grinner the Ruffian (level 8, -6/67 HPs)
             Began as a Troll Earth Elementalist on Feb 16, 2017.
             Was a Believer of Sif Muna.
             Mangled by howech's ghost (18 damage)
             ... on level 7 of the Dungeon.
             The game lasted 00:19:19 (5113 turns).

Grinner the Ruffian (Troll Earth Elementalist)      Turns: 5113, Time: 00:19:19

Health: -6/67      AC:  8    Str: 17    XL:     8   Next: 86%
Magic:  10/11      EV: 10    Int: 21    God:    Sif Muna [**....]
Gold:   213        SH:  0    Dex: 10    Spells: 3 memorised, 9 levels left

rFire  . . .     SeeInvis .       - Unarmed
rCold  + . .     Gourm    +     v - +2 robe {rN+}
rNeg   + . .     Faith    .     (no shield)
rPois  .         Spirit   .     (helmet restricted)
rElec  .         Reflect  .     B - +0 cloak
rCorr  .         Harm     .     (gloves unavailable)
MR     .....     Clarity  +     (boots unavailable)
Stlth  +.........               s - amulet of regeneration
                                z - ring of protection from cold
                                l - +3 ring of intelligence

@: brilliant, confusing touch (expiring)
A: unfitting armour, claws 3, clarity, fast metabolism 3, gourmand, mutation
resistance 1, regeneration 1, shaggy fur 1, tough skin 2
a: Divine Energy, Renounce Religion


You were on level 7 of the Dungeon.
You worshipped Sif Muna.
Sif Muna was pleased with you.
You were very full.

You visited 1 branch of the dungeon, and saw 7 of its levels.

You collected 213 gold pieces.

Inventory:

Hand Weapons
 x - a +0 blowgun
Missiles
 b - 113 stones (quivered)
 y - 8 curare-tipped needles
Armour
 v - a +2 robe of positive energy (worn)
 B - a +0 cloak (worn)
Jewellery
 l - a +3 ring of intelligence (left claw)
 s - an amulet of regeneration (around neck)
 z - a ring of protection from cold (right claw)
Scrolls
 a - 2 scrolls of fog {unknown}
 c - a scroll of enchant armour {unknown}
 f - 2 scrolls of remove curse
 g - a scroll of recharging {unknown}
 i - a scroll of teleportation
 k - 2 scrolls of blinking {unknown}
 m - 2 scrolls of enchant weapon {unknown}
 q - 2 scrolls of immolation {unknown}
 t - 2 scrolls of amnesia {unknown}
 w - a scroll of fear
Potions
 n - 2 potions of lignification
 C - a potion of agility
 E - a potion of curing
Books
 e - a book of Geomancy

   Spells                             Type                      Level
   a - Sandblast                      Earth                        1
   b - Passwall                       Transmutation/Earth          2
   c - Stone Arrow                    Conjuration/Earth            3
   d - Petrify                        Transmutation/Earth          4
   e - Lee's Rapid Deconstruction     Earth                        5
 j - a book of Flames

   Spells                             Type                      Level
   a - Flame Tongue                   Conjuration/Fire             1
   b - Throw Flame                    Conjuration/Fire             2
   c - Conjure Flame                  Conjuration/Fire             3
   d - Inner Flame                    Hexes/Fire                   3
   e - Sticky Flame                   Conjuration/Fire             4
   f - Fireball                       Conjuration/Fire             5
 A - a book of Misfortune

   Spells                             Type                      Level
   a - Confusing Touch                Hexes                        1
   b - Confuse                        Hexes                        3
   c - Gell's Gravitas                Hexes/Translocation          3
   d - Petrify                        Transmutation/Earth          4
   e - Metabolic Englaciation         Hexes/Ice                    5
   f - Yara's Violent Unravelling     Hexes/Transmutation          5
Comestibles
 d - 9 bread rations
 o - 2 beef jerkies
 p - 3 meat rations
 r - 4 fruits


   Skills:
 - Level 1.5 Dodging
 - Level 1.0 Stealth
 * Level 7.6 Unarmed Combat
 + Level 3.0 Spellcasting
 + Level 3.4 Transmutations
 + Level 5.6 Earth Magic


You had 9 spell levels left.
You knew the following spells:

 Your Spells              Type           Power        Failure   Level  Hunger
a - Passwall              Tmut/Erth      ####......   1%          2    ##.....
x - Confusing Touch       Hex            ###...       1%          1    None
z - Sandblast             Erth           #####.       1%          1    None


Dungeon Overview and Level Annotations

Branches:
Dungeon (7/15)
 Temple: D:4-7

Altars:
Ashenzari
Cheibriados
Fedhas
Gozag
Makhleb
Nemelex Xobeh
Qazlal
Ru
Sif Muna
Xom

Shops:
D:6 [

Annotations:
D:7 howech's ghost, novice MiFi


Innate Abilities, Weirdness & Mutations

You are too large for most types of armour.
You have claws for hands.
Your metabolism is lightning-fast.
You like to eat raw meat.
Your natural rate of healing is unusually fast.
You are covered in fur. (AC +1)
You have very tough skin. (AC +2)
You possess an exceptional clarity of mind.
You are somewhat resistant to further mutation.


Message History

You scratch howech's ghost.
Howech's ghost is moderately damaged.
Howech's ghost hits you!
You barely miss howech's ghost.
Howech's ghost is moderately damaged.
Howech's ghost seems less confused.
Howech's ghost hits you!
Found a stone staircase leading down.
Casting: Confusing Touch
Confirm with . or Enter, or press ? or * to list all spells.
Your claws begin to glow red.
Howech's ghost hits you!
* * * LOW HITPOINT WARNING * * *
You are too injured to fight recklessly!
You barely miss howech's ghost.
Howech's ghost is moderately damaged.
Howech's ghost hits you!
* * * LOW HITPOINT WARNING * * *
You barely miss howech's ghost.
Howech's ghost is moderately damaged.
Howech's ghost hits you!!
You die...

###......... ......
..........#.###.......#
..#....... ..##.......+
<.#.......##.##.......#.
..#...........#.........
..#............[.#......
.......##...#.##'#......
.......###'#............
...........#....@.......
...........#.....W..##+#
..####....##.....#+##
...!.'.......#...#
..####........#..# ..#
#........+... ..#
#####....#.... ..#
....#.>. ..# ....#


You could see howech's ghost.

Vanquished Creatures
  A spriggan (D:7)
  Sigmund (D:2)
  Eustachio (D:5)
  An ice beast (D:5)
  A black bear (D:6)
  An ogre (D:4)
  A big kobold (D:6)
  A scorpion (D:4)
  A howler monkey (D:5)
  2 crimson imps
  A hound (D:5)
  5 orc priests
  A gnoll shaman (D:5)
  A centaur skeleton (D:4)
  8 orc wizards
  An iguana (D:5)
  5 worker ants
  A hound skeleton (D:6)
  6 gnolls
  A howler monkey skeleton (D:6)
  12 adders
  A shadow imp (D:5)
  An ooze (D:3)
  2 leopard geckos
  19 orcs
  10 bats
  A giant cockroach (D:3)
  5 goblins
  8 hobgoblins
  8 jackals
  10 kobolds
  3 quokkas
  4 frilled lizards
  9 rats
134 creatures vanquished.

Vanquished Creatures (others)
  A quokka (D:7)
1 creature vanquished.

Grand Total: 135 creatures vanquished

Notes
Turn   | Place    | Note
-------+----------+-------------------------------------------
     0 | D:1      | Grinner the Troll Earth Elementalist began the quest for the Orb.
     0 | D:1      | Reached XP level 1. HP: 16/16 MP: 1/1
   153 | D:1      | Reached skill level 1 in Unarmed Combat
   173 | D:1      | Reached XP level 2. HP: 24/24 MP: 2/2
   819 | D:1      | Reached skill level 2 in Unarmed Combat
   819 | D:1      | Reached XP level 3. HP: 3/31 MP: 3/3
  1254 | D:2      | Noticed Sigmund
  1320 | D:2      | Killed Sigmund
  1320 | D:2      | Reached skill level 4 in Unarmed Combat
  1320 | D:2      | Reached XP level 4. HP: 36/39 MP: 4/4
  1320 | D:2      | Reached XP level 5. HP: 42/45 MP: 5/5
  1673 | D:2      | Found a deep blue altar of Sif Muna.
  1676 | D:2      | Became a worshipper of Sif Muna the Loreminder
  1730 | D:2      | Learned a level 2 spell: Passwall
  2011 | D:3      | HP: 3/67 [orc priest/divine providence (11)]
  2027 | D:3      | Reached skill level 1 in Transmutations
  2027 | D:3      | Reached XP level 6. HP: 10/53 MP: 5/7
  2349 | D:3      | Found a shimmering altar of Xom.
  2559 | D:4      | Found a sacrificial altar of Ru.
  2589 | D:4      | Found a snail-covered altar of Cheibriados.
  2745 | D:4      | Reached * piety under Sif Muna
  2745 | D:4      | Reached skill level 5 in Unarmed Combat
  2810 | D:4      | Found a stormy altar of Qazlal.
  2814 | D:4      | Found a burning altar of Makhleb.
  2815 | D:4      | Found a deep blue altar of Sif Muna.
  2816 | D:4      | Found a shattered altar of Ashenzari.
  2843 | D:5      | Entered Level 5 of the Dungeon
  2860 | D:5      | Noticed Eustachio
  2872 | D:5      | Killed Eustachio
  2872 | D:5      | Reached XP level 7. HP: 51/59 MP: 7/9
  3046 | D:5      | Reached skill level 6 in Unarmed Combat
  3059 | D:5      | Gained mutation: You are somewhat resistant to further mutation. [potion of mutation]
  3059 | D:5      | Gained mutation: You possess an exceptional clarity of mind. [potion of mutation]
  3296 | D:4      | Reached XP level 8. HP: 26/67 MP: 10/10
  3448 | D:4      | Reached skill level 5 in Earth Magic
  4153 | D:5      | Reached ** piety under Sif Muna
  4329 | D:6      | Reached skill level 7 in Unarmed Combat
  4454 | D:6      | Learned a level 1 spell: Confusing Touch
  4482 | D:6      | Found an opulent altar of Gozag.
  4560 | D:6      | Found a sparkling altar of Nemelex Xobeh.
  4913 | D:6      | Found Ulemestro's Armour Boutique.
  5055 | D:7      | Found a blossoming altar of Fedhas.
  5070 | D:7      | Noticed howech's ghost (novice MiFi)
  5113 | D:7      | Mangled by howech's ghost

Skill      XL: |  1  2  3  4  5  6  7  8 |
---------------+-------------------------+-----
Unarmed Combat | 1 2 4 5 6 7 |  7.6
Earth Magic    | 3 4 5 |  5.6
Transmutations | 1 2 3 |  3.4
Spellcasting   | 2 3 |  3.0
Dodging        | |  1.5
Stealth        | |  1.0

Action                   |  1- 3 |  4- 6 |  7- 9 || total
-------------------------+-------+-------+-------++-------
Melee: Unarmed           |   105 |   176 |   255 ||   536
       Punch             |     2 |     1 |     3 ||     6
 Cast: Sandblast         |       |       |     2 ||     2
       Confusing Touch   |       |       |     3 ||     3
  Use: Potion            |     3 |     4 |     3 ||    10
       Scroll            |       |       |     5 ||     5
 Stab: Sleeping          |     1 |       |     1 ||     2
       Paralysed         |       |     1 |       ||     1
       Confused          |       |       |     1 ||     1
  Eat: Chunk             |    13 |    19 |    20 ||    52
Armor: Robe              |    42 |    47 |    74 ||   163
       Skin              |    18 |   131 |       ||   149
Dodge: Dodged            |    46 |    80 |   122 ||   248
